 Dungeon Crawl Stone Soup version 0.28-a0-657-g71136c5590 (webtiles) character file.

Game seed: 6028220436635201194

33 jsc133 the Shield-Bearer (level 3, -2/33 HPs)
             Began as a Minotaur Fighter on Oct 13, 2021.
             Slain by a scorpion (8 damage)
             ... on level 5 of the Dungeon.
             The game lasted 00:00:49 (103 turns).

jsc133 the Shield-Bearer (Minotaur Fighter)          Turns: 103, Time: 00:00:50

Health: -2/33      AC:  7    Str: 21    XL:     3   Next: 12%
Magic:  2/2        EV:  9    Int:  5    God:
Gold:   14         SH:  4    Dex:  9    Spells: 2/2 levels left

rFire   . . .      SeeInvis .   a - +0 long sword
rCold   . . .      Faith    .   c - +0 buckler
rNeg    . . .      Spirit   .   b - +0 scale mail
rPois   .          Reflect  .   (helmet restricted)
rElec   .          Harm     .   (no cloak)
rCorr   .          Rampage  .   (no gloves)
Will    .....                   (no boots)
Stlth   ..........              (no amulet)
HPRegen 0.11/turn               (no ring)
MPRegen 0.08/turn               (no ring)

@: lethally poisoned (-2 -> -9)
A: horns 2, retaliatory headbutt
a: no special abilities


You were on level 5 of the Dungeon.
You visited 1 branch of the dungeon, and saw 5 of its levels.

You collected 14 gold pieces.

Inventory:

Hand Weapons
 a - a +0 long sword (weapon)
Armour
 b - a +0 scale mail (worn)
 c - a +0 buckler (worn)
Potions
 d - a potion of might
 e - a potion of resistance {unknown}
 f - a potion of flight {unknown}


   Skills:
 + Level 3.9 Fighting
 + Level 2.9 Long Blades
 + Level 4.1 Armour
 + Level 0.1 Dodging
 + Level 4.2 Shields


You had 2 spell levels left.
You didn't know any spells.
Your spell library was empty.

Dungeon Overview and Level Annotations

Branches:
Dungeon (5/15)
 Temple: D:4-7

Altars:

Shops:
D:2 ?


Innate Abilities, Weirdness & Mutations

You have a pair of horns on your head.
You reflexively headbutt those who attack you in melee.


Message History

The hound barks!
The hound barely misses you. You furiously retaliate!
You headbutt the hound. You closely miss the hound.
The hound is moderately wounded.
The hound barely misses you.
You closely miss the hound.
The hound is moderately wounded.
You block the hound's attack.
A scorpion comes into view.
The hound bites you but does no damage.
You barely miss the hound.
The hound is moderately wounded.
The hound bites you. x2
You hit the hound. You headbutt the hound.
You kill the hound!
Your Armour skill increases to level 4!
Your Shields skill increases to level 4!
You have reached level 2!
You have reached level 3!
Your experience leads to an increase in your attributes!
Increase (S)trength, (I)ntelligence, or (D)exterity?
Uppercase letters only, please.
You feel stronger.
Unknown command.
The scorpion stings you.
You are lethally poisoned!
The scorpion poisons you!
You see here a hound corpse.
You closely miss the scorpion. You headbutt the scorpion.
The scorpion is moderately wounded.
* * * LOW HITPOINT WARNING * * *
You feel very sick.
The scorpion stings you but does no damage.
The scorpion barely misses you. You furiously retaliate!
You headbutt the scorpion! You closely miss the scorpion.
The scorpion is almost dead.
* * * LOW HITPOINT WARNING * * *
You feel sick. The scorpion stings you!
You die...

## ##
#.##
#.#
#.###..
#..#.#
#@#.#
#s###
#.# #.#
..# ...
#.# #.#


You could see a scorpion.

Vanquished Creatures
  A hound (D:5)
  A hobgoblin (D:3)
  A kobold (D:2)
  A jackal skeleton (D:4)
  A rat (D:3)
5 creatures vanquished.

Notes
Turn   | Place    | Note
-------+----------+-------------------------------------------
     0 | D:1      | jsc133 the Minotaur Fighter began the quest for the Orb.
     0 | D:1      | Reached XP level 1. HP: 19/19 MP: 0/0
    19 | D:2      | Found Eguink's Magic Scroll Shop.
    94 | D:5      | Entered Level 5 of the Dungeon
    95 | D:5      | Noticed a hound
    98 | D:5      | Noticed a scorpion
   100 | D:5      | Killed a hound
   101 | D:5      | Reached XP level 2. HP: 12/27 MP: 1/1
   101 | D:5      | Reached XP level 3. HP: 14/33 MP: 2/2
   103 | D:5      | Slain by a scorpion

Illustrated notes

Levels and vault maps discovered:
D:1:      nzn_arrival_water_spiral, layout_rooms,
          chequers_serial_rivers_micro_e, st_stairs_4
D:2:      layout_rooms, serial_shops, shop, shop, basic_altar,
          shapermc_ecumenical_altar_ellora
D:3:      layout_loops_cross, nicolae_hepliaklqana_monster_ancestors,
          mainiacjoe_overflow_paths, chequers_serial_rivers_marsh
D:4:      layout_rooms, nicolae_qazlal_general_emergency,
          nicolae_ru_sacrificial_ziggurat, minmay_temple_entry_water_ring
D:5:      layout_loops_ring

Skill      XL: |  1 |
---------------+----+-----
Armour         | 4 |  4.1
Shields        | 4 |  4.2
Fighting       | |  3.9
Long Blades    | |  2.9
Dodging        | |  0.1

Action                   || total
-------------------------++-------
Melee: Long sword        ||    16
       Headbutt          ||     3
Armor: Scale mail        ||     8
Dodge: Dodged            ||     6
Block: Buckler           ||     4

Table legend: (Time is in decaauts)
 A = Elapsed time spent in this place.
 B = Non-inter-level travel time spent in this place.
 C = Inter-level travel time spent in this place.
 D = Time resting spent in this place.
 E = Time spent auto-exploring this place.
 F = Levels seen in this place.
 G = Mean time per level.
                   A        B        C        D        E       F      G
               +--------+--------+--------+--------+--------+-----+--------+
         Total |    106 |    106 |      0 |      0 |      0 |   5 |   21.2 |
       Dungeon |    106 |    106 |      0 |      0 |      0 |   5 |   21.2 |
               +--------+--------+--------+--------+--------+-----+--------+

Top non-repeatable levels by time:
     D:3: 46 daAuts
     D:4: 24 daAuts
     D:2: 23 daAuts
     D:5: 10 daAuts
     D:1: 2 daAuts
